Workbook

Sheet Blad1
A1: DESIRABILITY | C1: FEASIBILITY | E1: SUSTAINABILITY
C2: ü DELIVERABLES
B3: 0 | D3: 0 | F3: 0
A4: This project strengthens our mission (it fits perfectly in our theory of change) | C4: We can easily meet the output conditions imposed on us by external funding | E4: In the future this project fits perfectly in our core business / can it be run as a satellite project / become independent.
B6: 0 | D6: 0 | F6: 0
A7: This project is in line with our strategic plan | C7: We can easily meet the staff conditions (required FTE) imposed on us by external funding | E7: We are able to conduct this project, because we can delete elsewhere or keep the balance
C9: ü USE OF MANPOWER AND RESOURCES
B10: 0 | D10: 0 | F10: 0
A11: This project means a healthy growth for our organisation | C11: This project involves revenue streams that bears the sum of operating resources, staffing and overheads (A) | E11: The project has the potential for a hybrid revenue model (multiple revenue sources)
B13: 0 | D13: 0 | F13: 0
A14: This project has iconic value. It will differ us in a positive way | C14: The income comes from at least two different income streams (e.g. grants / funds / participant contributions / other income). | E14: In the future, the project more than pays for itself (it has proven to be an investment)
B16: 0 | D16: 0 | F16: 0
A17: This project enables us to show our strengths. | C17: Additional income needed for the project can easily be tapped (B) | E17: This project sets in motion non-monetary value streams that will pay off elsewhere/later
B18: 0 | D18: 0 | F18: 0
A19: This project is sustainable in an ecological way | C19: The implementation of this project is feasible within the existing team capacity or it is feasible to make additional recruitments (payroll/freelance) for this project. | E19: With this project we focus on sustainable employee involvement (pride).
B20: 0 | D20: 0
A21: This project is sustainable in a social way | C21: When the team expands, an interesting exchange takes place with the rest of the organisation.
B22: 0 | D22: 0
A23: Our organisation can bring quality with this project | C23: The employees involved can act in their 'stretch zone' for this project (see C).
C24: ü STAKEHOLDERS
C25: The required partnerships for this project are already known and achievable / the new partnerships to be established are easy to achieve. | D25: 0 | E25: With this project we bind new partners to us who are an important added value for our entire organisation. | F25: 0
B29: required score
A30: desirability | B30: =Blad2!G4 -> 0 | C30: 0.4
A31: feasibility | B31: =Blad2!G13 -> 0 | C31: 0.2
A32: sustainability | B32: =F65 -> 0 | C32: 0.2
A63: score | B63: =(B3*2)+B6+B10+B13+B16+B18+B20+B22 -> 0 | D63: =D3+D6+D10+D13+D16+D18+D20+D22+D25 -> 0 | F63: =F3+F6+F10+F13+F16+F18+F25 -> 0
A64: maximum score | B64: 16 | D64: 18 | F64: 14
B65: =B63/B64 -> 0 | D65: =D63/D64 -> 0 | F65: =F63/F64 -> 0

Sheet Blad2
B2: 2 | G2: score | H2: required percentage
B3: 1
B4: 0 | D4: desirability | G4: =Blad1!B65 -> 0 | H4: =Blad1!C30 -> 0.4
B5: -1 | E5: mission | F5: =Blad1!B3 -> 0
B6: -2 | E6: strategic plans | F6: =Blad1!B6 -> 0
E7: healthy zone | F7: =Blad1!B10 -> 0
E8: iconic | F8: =Blad1!B13 -> 0
E9: expertise | F9: =Blad1!B16 -> 0
E10: ecological | F10: =Blad1!B18 -> 0
E11: social | F11: =Blad1!B20 -> 0
E12: quality | F12: =Blad1!B22 -> 0
D13: feasibility | G13: =Blad1!D65 -> 0 | H13: =Blad1!C31 -> 0.2
E14: deliverables | F14: =(Blad1!D3+Blad1!D6)/2 -> 0
E15: manpower | F15: =(Blad1!D18+Blad1!D20+Blad1!D22)/3 -> 0
E16: financial feasibility | F16: =(Blad1!D10+Blad1!D13+Blad1!D16)/3 -> 0
E17: partnerships | F17: =Blad1!D25 -> 0
D18: sustainability | G18: =Blad1!F65 -> 0 | H18: =Blad1!C32 -> 0.2
E19: continuation | F19: =(Blad1!F3+Blad1!F6)/2 -> 0
E20: hybrid revenue model | F20: =(Blad1!F10+Blad1!F13)/2 -> 0
E21: non-monetary streams | F21: =Blad1!F16 -> 0
E22: care for staff | F22: =Blad1!F18 -> 0
E23: valuable partnerships | F23: =Blad1!F25 -> 0
